 Dungeon Crawl Stone Soup version 0.17-a0-129-g9432df0 (webtiles) character file.

1015 PolkaDot the Summoner (level 8, -2/57 HPs)
             Began as a Vampire Summoner on Mar 24, 2015.
             Slain by an orc wizard
             ... wielding a +2 dagger of electrocution
              (17 damage)
             ... on level 5 of the Dungeon.
             The game lasted 00:21:19 (5012 turns).

PolkaDot the Summoner (Vampire Summoner)            Turns: 5012, Time: 00:21:19

Health: -2/57      AC:  5    Str:  7    XL:     8   Next: 1%
Magic:  14/14      EV: 12    Int: 19    God:
Gold:   352        SH:  0    Dex: 14    Spells: 4 memorised, 1 level left

rFire  . . .     SeeInvis +     p - +1 trident (venom)
rCold  . . .     Clarity  .     a - +0 robe
rNeg   . . .     SustAb   .     (no shield)
rPois  .         Gourm    .     (no helmet)
rElec  .         Spirit   .     (no cloak)
rCorr  +         Warding  .     c - +2 pair of gloves
rMut   .         Stasis   .     (no boots)
MR     .....                    m - amulet of resist corrosion
Stlth  ++++......               (no ring)
                                (no ring)

@: regenerating quickly, slowed, very slow, not resistant to hostile
enchantments, stealthy
A: bottle blood, fangs 3, see invisible, unbreathing
a: no special abilities


You were on level 5 of the Dungeon.
You were very full.

You visited 1 branch of the dungeon, and saw 5 of its levels.
You also visited: Sewer.

You collected 352 gold pieces.

Inventory:

Hand weapons
 p - a +1 trident of venom (weapon)
Missiles
 q - 2 throwing nets (quivered)
Armour
 a - a +0 robe (worn)
 c - a +2 pair of gloves (worn)
Jewellery
 m - an amulet of resist corrosion (around neck)
Magical devices
 f - a wand of random effects (16)
 i - a wand of slowing (14)
 o - a wand of draining (0)
 t - a wand of magic darts (18)
 v - a wand of disintegration (14)
Scrolls
 g - a scroll of teleportation
 k - a scroll of recharging
 l - a scroll of enchant armour
 r - a scroll of fear {unknown}
 u - a scroll of remove curse {unknown}
Potions
 d - a potion of brilliance {unknown}
 e - 33 potions of blood {@*1}
 h - a potion of resistance
 j - a potion of berserk rage {unknown}
 s - a potion of restore abilities {unknown}
Books
 b - a book of Callings

   Spells                             Type                      Level
   a - Summon Small Mammal            Summoning                    1
   b - Call Imp                       Summoning                    2
   c - Call Canine Familiar           Summoning                    3
   d - Summon Guardian Golem          Hexes/Summoning              4
   e - Summon Lightning Spire         Summoning/Air                4
   f - Summon Ice Beast               Ice/Summoning                4
 n - a book of Control

   Spells                             Type                      Level
   a - Control Teleport               Charms/Translocation         4
   b - Control Undead                 Necromancy                   4
   c - Enslavement                    Hexes                        4
   d - Metabolic Englaciation         Hexes/Ice                    5
   e - Mass Confusion                 Hexes                        6


   Skills:
 - Level 2.6 Fighting
 - Level 2.1 Dodging
 + Level 7.6 Stealth
 - Level 2.3 Spellcasting
 * Level 8.0 Summonings
 + Level 2.0 Ice Magic


You had one spell level left.
You knew the following spells:

 Your Spells              Type           Power        Failure   Level  Hunger
d - Call Canine Familiar  Summ           ####....     1%          3    ###....
i - Summon Ice Beast      Ice/Summ       ###.....     21%         4    #####..
s - Call Imp              Summ           ####....     1%          2    ##.....
z - Summon Small Mammal   Summ           ####         1%          1    #......


Dungeon Overview and Level Annotations

Branches:
Dungeon (5/15)
 Temple: D:4-7

Altars:
Cheibriados
Nemelex Xobeh
Qazlal
Yredelemnul
Zin

Annotations:
D:5 Prince Ribbit


Innate Abilities, Weirdness & Mutations

Your natural rate of healing is unusually fast.
You can bottle blood from corpses.
You have razor-sharp teeth.
You have supernaturally acute eyesight.
You can survive without breathing.


Message History

You hit the orc wizard.
The orc wizard is poisoned.
The orc wizard is moderately wounded.
The orc wizard looks braver.
The orc wizard casts a spell at you. The puff of frost misses you.
You closely miss the orc wizard.
The orc wizard is moderately wounded.
The orc wizard barely misses you. x2
The orc wizard hits you with a dagger of electrocution.
* * * LOW HITPOINT WARNING * * *
You are electrocuted!
* * * LOW HITPOINT WARNING * * *
You barely miss the orc wizard.
The orc wizard is heavily wounded.
The orc wizard's eyes start to glow.
The orc wizard closely misses you.
The orc wizard hits you with a dagger of electrocution.
* * * LOW HITPOINT WARNING * * *
You are electrocuted!
You die...

######.###............###.#
######.........................#
.....................).......#.#
######.####.#.#...###.####.#.#.#
######.##...#.#..........#.#.#.#
........#...#.#....##.##.#.#.#.#
######..#...#'#......<...#.#.#.#
.......................>.#.#.#.#
####....#.......@...#..#<#.#.#.#
# #....#......o)..##..###.#.#. #
#.#..###.#+#............#
#####..............##.(.##.#
#...##..#.###.#..........#
.8.8.#..#.............)..#
.._).#..#..##.#.....#.##.###
...8.#.....................#
'...##.......#...(....##.#.#


You could see an orc wizard.

Vanquished Creatures
  Grinder (D:5)
  A sky beast (D:5)
  Purgy (Sewer)
  Sigmund (D:4)
  Blork the orc (D:5)
  An orc priest (D:3)
  An orc wizard (D:5)
  A worker ant zombie (D:5)
  4 adders
  5 gnolls
  A giant mite (D:5)
  A worm (D:3)
  2 giant geckos (D:3)
  18 orcs
  A ball python (D:5)
  3 hobgoblins
  2 jackals (D:2)
  9 kobolds
  A quokka (D:2)
  10 bats
  11 giant newts
  6 goblins
  2 quokka skeletons
  12 rats
96 creatures vanquished.

Vanquished Creatures (collateral kills)
  The ghost of Ngotmuk the Cudgeler, an average DDFi (D:3)
  An ogre (D:4)
  Duvessa (D:4)
  Dowan (D:4)
  A hound (D:4)
  2 orc priests (D:4)
  A worker ant (D:4)
  2 orc wizards (D:3)
  5 gnolls
  3 adders (D:3)
  A worm (D:4)
  6 orcs
  3 bats
  2 giant cockroaches (D:1)
  A goblin (D:2)
  4 hobgoblins
  2 jackals (D:2)
  A kobold (D:2)
  A giant newt (D:1)
  2 rats
41 creatures vanquished.

Vanquished Creatures (others)
  5 hounds
  2 crimson imps
  A shadow imp (D:5)
  A bat (D:1)
9 creatures vanquished.

Grand Total: 146 creatures vanquished

Notes
Turn   | Place    | Note
--------------------------------------------------------------
     0 | D:1      | PolkaDot, the Vampire Summoner, began the quest for the Orb.
     0 | D:1      | Reached XP level 1. HP: 13/13 MP: 3/3
   769 | D:1      | Reached XP level 2. HP: 19/19 MP: 4/4
  1359 | D:1      | Learned a level 2 spell: Call Imp
  1711 | D:2      | Reached XP level 3. HP: 24/24 MP: 6/6
  1764 | D:2      | Reached skill level 5 in Summonings
  1952 | D:2      | Reached XP level 4. HP: 30/30 MP: 8/8
  2567 | D:3      | Noticed Ngotmuk's ghost (average DDFi)
  2612 | D:2      | Learned a level 3 spell: Call Canine Familiar
  2838 | D:3      | Reached skill level 1 in Fighting
  2838 | D:3      | Reached XP level 5. HP: 35/37 MP: 2/9
  2840 | D:3      | Killed Ngotmuk's ghost
  2847 | D:3      | Reached skill level 5 in Stealth
  2847 | D:3      | Reached skill level 6 in Summonings
  3138 | D:3      | Reached XP level 6. HP: 24/44 MP: 2/11
  3359 | D:4      | Noticed Dowan
  3360 | D:4      | Noticed Duvessa
  3372 | D:4      | Killed Duvessa
  3383 | D:4      | Killed Dowan
  3406 | D:4      | Noticed Sigmund
  3448 | D:4      | Killed Sigmund
  3821 | D:4      | Reached XP level 7. HP: 39/51 MP: 1/12
  3854 | D:4      | Reached skill level 7 in Summonings
  4084 | D:4      | Learned a level 4 spell: Summon Ice Beast
  4136 | D:5      | Entered Level 5 of the Dungeon
  4219 | D:5      | Noticed Grinder
  4239 | D:5      | Killed Grinder
  4239 | D:5      | Reached skill level 1 in Ice Magic
  4262 | D:5      | Noticed Prince Ribbit
  4477 | D:5      | Found a glowing drain.
  4493 | Sewer    | Entered a sewer
  4538 | Sewer    | Noticed Purgy
  4568 | Sewer    | Killed Purgy
  4677 | D:5      | Found a stormy altar of Qazlal.
  4788 | D:5      | Found a basalt altar of Yredelemnul.
  4800 | D:5      | Found a snail-covered altar of Cheibriados.
  4803 | D:5      | Found a glowing silver altar of Zin.
  4906 | D:5      | Noticed Blork the orc
  4907 | D:5      | Found a sparkling altar of Nemelex Xobeh.
  4912 | D:5      | Killed Blork the orc
  5009 | D:5      | Reached skill level 8 in Summonings
  5009 | D:5      | Reached XP level 8. HP: 49/57 MP: 14/14
  5012 | D:5      | Slain by an orc wizard

Action                   |  1- 3 |  4- 6 |  7- 9 || total
-------------------------+-------+-------+-------++-------
Melee: Club              |    82 |       |       ||    82
       Unarmed           |    19 |       |       ||    19
       Short sword       |    43 |   130 |       ||   173
       Dagger            |       |    46 |    74 ||   120
       Trident           |       |       |    15 ||    15
Throw: Throwing net      |       |     1 |     3 ||     4
 Cast: Summon Small Mamm |    12 |     1 |       ||    13
       Call Imp          |     9 |    22 |     6 ||    37
       Call Canine Famil |       |     6 |     4 ||    10
Evoke: Wand              |       |     1 |     2 ||     3
  Use: Potion            |     7 |    17 |    10 ||    34
       Scroll            |       |     3 |     5 ||     8
 Stab: Sleeping          |     6 |    13 |     1 ||    20
       Distracted        |     2 |     1 |     2 ||     5
       Held in net/web   |       |     1 |     1 ||     2
  Eat: Corpse            |    13 |       |       ||    13
